 Dungeon Sprint DCSS version 0.18-a0-1243-g9e52518 (webtiles) character file.

641 kae the Carver (level 7, -1/77 HPs)
             Began as a Minotaur Fighter on Feb 6, 2016.
             Was an Initiate of Qazlal.
             Slain by Sonja
             ... wielding a +0 short sword of distortion
              (4 damage)
             ... in the Dungeon (Sprint I: "Red Sonja").
             The game lasted 00:02:09 (839 turns).

kae the Carver (Minotaur Fighter)                    Turns: 839, Time: 00:02:09

Health: -1/77      AC:  6    Str: 22    XL:     7   Next: 26%
Magic:  6/6        EV:  7    Int:  5    God:    Qazlal [......]
Gold:   297        SH:  9    Dex: 10    Spells: 0 memorised, 6 levels left

rFire  . . .     SeeInvis .     a - +0 long sword
rCold  . . .     Gourm    .     b - +0 scale mail
rNeg   . . .     Faith    .     c - +0 shield
rPois  .         Spirit   .     (helmet restricted)
rElec  .         Dismiss  .     (no cloak)
rCorr  .         Reflect  .     (no gloves)
SustAt .         Harm     .     (no boots)
MR     .....     NoTele   +     (no amulet)
Stlth  ..........               (no ring)
                                (no ring)

@: not resistant to hostile enchantments, extremely unstealthy
A: retaliatory headbutt, horns 2
a: Renounce Religion


You were in the Dungeon.
You worshipped Qazlal.
Qazlal was noncommittal.
You were not hungry.

You visited 1 branch You collected 297 gold pieces.

Inventory:

Hand Weapons
 a - a +0 long sword (weapon)
Armour
 b - a +0 scale mail (worn)
 c - a +0 shield (worn)
Scrolls
 k - a scroll of blinking
 m - a scroll of amnesia {unknown}
Potions
 d - a potion of might
 e - a potion of curing
 g - a potion of heal wounds
 h - a potion of haste
 i - 2 potions of magic
 j - a potion of berserk rage
 l - a potion of mutation {unknown}
Comestibles
 f - a bread ration


   Skills:
 - Level 12.0 Fighting
 - Level 14.3 Long Blades
 + Level 3.6 Armour
 - Level 3.6 Shields


You had 6 spell levels left.
You didn't know any spells.

Dungeon Overview and Level Annotations

Branches:
Dungeon (1/1)

Altars:
Cheibriados
Dithmenos
Elyvilon
Fedhas
Gozag
Kikubaaqudgha
Makhleb
Nemelex Xobeh
Okawaru
Pakellas
Qazlal
Ru
Sif Muna
Trog
Vehumet
Xom
Yredelemnul
Zin
The Shining One
Jiyva

Shops:
D (

Annotations:
D Sonja


Innate Abilities, Weirdness & Mutations

You reflexively headbutt those who attack you in melee.
You have a pair of horns on your head.


Message History

Space bends around you. Sonja hits you but does no damage.
Space warps horribly around you!
Sonja hits you with a short sword of distortion.
Space warps horribly around you!
* * * LOW HITPOINT WARNING * * *
You block Sonja's attack.
There is an open door here.
You hit Sonja. Your headbutt misses Sonja.
Sonja is lightly wounded.
Sonja hits you with a short sword of distortion.
* * * LOW HITPOINT WARNING * * *
Sonja hits you but does no damage. You block Sonja's attack.
Unknown command.
You miss Sonja. Your headbutt misses Sonja.
Sonja is lightly wounded.
You block Sonja's attack. Sonja hits you but does no damage.
Space warps horribly around you!
* * * LOW HITPOINT WARNING * * *
Sonja hits you with a short sword of distortion.
You die...

#<.#..'..#..'..#__#
#..'..#..'..#..+^.+
#..#####'#####'#__# #
#..####..#...#.####)§
#..#__####..##)#≈§≈§.
#..#_.___##'#..+≈§§§
#⌠⌠#_.∩...'..._#
####_..._##_.#+#
#_____###@#.# #######
#K### $.$ #$§$# ##.##
#+#


You could see Sonja.

Vanquished Creatures
  A slime creature (D)
  Sigmund (D)
  A yak (D)
  An ogre (D)
  A jelly (D)
  Ijyb (D)
6 creatures vanquished.

Vanquished Creatures (others)
  4 wasps (D)
4 creatures vanquished.

Grand Total: 10 creatures vanquished

Notes
Turn   | Place    | Note
--------------------------------------------------------------
     0 | D        | kae the Minotaur Fighter began the quest for the Orb.
     0 | D        | Reached XP level 1. HP: 19/19 MP: 0/0
     3 | D        | Noticed Ijyb
    13 | D        | Killed Ijyb
    13 | D        | Reached skill level 7 in Long Blades
    13 | D        | Reached XP level 2. HP: 19/26 MP: 1/1
    93 | D        | Noticed an ogre
   102 | D        | Killed an ogre
   102 | D        | Reached skill level 11 in Long Blades
   102 | D        | Reached XP level 3. HP: 31/31 MP: 2/2
   102 | D        | Reached XP level 4. HP: 39/39 MP: 3/3
   201 | D        | Noticed Sigmund
   220 | D        | Killed Sigmund
   220 | D        | Reached skill level 14 in Long Blades
   220 | D        | Reached XP level 5. HP: 16/45 MP: 4/4
   220 | D        | Reached XP level 6. HP: 18/51 MP: 5/5
   425 | D        | Found a snail-covered altar of Cheibriados.
   425 | D        | Found a viscous altar of Jiyva.
   425 | D        | Found a shadowy altar of Dithmenos.
   425 | D        | Found a blossoming altar of Fedhas.
   425 | D        | Noticed a slime creature
   436 | D        | Killed a slime creature
   436 | D        | Reached skill level 10 in Fighting
   620 | D        | Found a deep blue altar of Sif Muna.
   622 | D        | Found a radiant altar of Vehumet.
   667 | D        | Found Lintug's Weapon Emporium.
   667 | D        | Found a white marble altar of Elyvilon.
   667 | D        | Found a stormy altar of Qazlal.
   667 | D        | Found a basalt altar of Yredelemnul.
   667 | D        | Found an iron altar of Okawaru.
   667 | D        | Found a sparkling altar of Nemelex Xobeh.
   667 | D        | Found a shimmering altar of Xom.
   667 | D        | Found an ancient bone altar of Kikubaaqudgha.
   667 | D        | Noticed a yak
   673 | D        | Killed a yak
   673 | D        | Reached XP level 7. HP: 47/77 MP: 6/6
   802 | D        | Found a burning altar of Makhleb.
   802 | D        | Found a sacrificial altar of Ru.
   802 | D        | Found an oddly glowing altar of Pakellas.
   802 | D        | Found a glowing golden altar of the Shining One.
   802 | D        | Found an opulent altar of Gozag.
   802 | D        | Found a glowing silver altar of Zin.
   803 | D        | Found a bloodstained altar of Trog.
   805 | D        | Became a worshipper of Qazlal Stormbringer
   823 | D        | Noticed a centaur warrior
   836 | D        | Noticed Sonja
   839 | D        | HP: 3/77 [Sonja/short sword of distortion (11)]
   839 | D        | Slain by Sonja

Vault maps used:
D:        dungeon_sprint_1

Action                   |  1- 3 |  4- 6 |  7- 9 || total
-------------------------+-------+-------+-------++-------
Melee: Long sword        |    17 |    24 |     2 ||    43
